AoeStats
← 羅賓不流汗

Arena

506077499Analyzed
4v4 RM · 21d ago on Sep 12, 2026· 51m 51s· 8 players
Game mode
Random Map
Map size
Large (8 player)
Population
200
Speed
Normal
Resources
Standard
Victory
Conquest
Starting age
Dark Age
Ending age
Imperial Age
RankedLock teamsTeams togetherTeam positionsShared explorationLock speedFull tech treeHidden civsTurbo modeCheats
Victory
Defeat
🇮🇳 Vietnamese · India
866
+16
🇹🇼 Britons · Taiwan
839
+17
🇹🇼 Wei · Taiwan
825
+18
🇲🇽 Franks · Mexico
818
+18
🇬🇧 Persians · United Kingdom
915
-19
🇹🇷 Britons · Türkiye
878
-18
🇧🇪 Byzantines · Belgium
851
-17
🇮🇷 Franks · Iran
804
-15
EyesOfWar
11:10 Feudal Age
12:54 Loom
16:34 Castle Age
14:59 Double-Bit Axe
16:51 Pikeman
18:10 Squires
22:24 Wheelbarrow
22:03 Bow Saw
21:34 Horse Collar
Lethe
0:27 Loom
11:56 Feudal Age
18:10 Castle Age
16:47 Double-Bit Axe
17:13 Stone Mining
17:55 Gold Mining
17:50 Horse Collar
18:37 Fletching
19:38 Padded Archer Armor
20:43 Bodkin Arrow
31:22 Imperial Age
28:32 Pikeman
30:19 Leather Archer Armor
30:26 Ballistics
30:18 Squires
31:09 Fortified Wall
31:20 Bow Saw
32:32 Gold Shaft Mining
32:00 Heavy Plow
32:07 Halberdier
34:46 Ring Archer Armor
39:27 Two-Man Saw
38:30 Bracer
39:33 Chemistry
40:29 Yeomen
44:45 Elite Longbowman
arminta1382
0:28 Loom
11:50 Feudal Age
12:34 Horse Collar
12:42 Double-Bit Axe
13:54 Gold Mining
14:35 Stone Mining
20:39 Castle Age
26:32 Heavy Plow
27:09 Bow Saw
27:38 Gold Shaft Mining
29:32 Wheelbarrow
29:43 Stone Shaft Mining
30:26 Caravan
31:38 Hand Cart
35:27 Imperial Age
34:13 Pikeman
35:15 Squires
35:10 Halberdier
37:25 Chemistry
36:46 Ballistics
39:03 Elite Skirmisher
shayan.tah.85
14:23 Feudal Age
15:13 Double-Bit Axe
15:25 Gold Mining
16:26 Forging
16:20 Scale Mail Armor
17:34 Wheelbarrow
17:41 Scale Barding Armor
20:51 Castle Age
22:36 Bow Saw
27:07 Chain Mail Armor
27:13 Chain Barding Armor
26:59 Caravan
28:35 Hand Cart
29:30 Pikeman
35:35 Imperial Age
33:38 Husbandry
35:59 Halberdier
36:05 Cavalier
36:36 Elite Throwing Axeman
37:20 Squires
37:06 Arson
36:50 Elite Skirmisher
38:07 Plate Mail Armor
38:13 Plate Barding Armor
37:44 Padded Archer Armor
37:35 Fletching
38:20 Iron Casting
40:03 Chemistry
41:16 Paladin
Borzak4113
0:38 Loom
11:33 Feudal Age
21:17 Castle Age
20:54 Forging
20:50 Scale Barding Armor
22:44 Double-Bit Axe
25:01 Bow Saw
27:21 Gold Mining
27:22 Stone Mining
30:18 Wheelbarrow
30:21 Husbandry
31:40 Gold Shaft Mining
32:49 Town Watch
37:41 Hand Cart
37:27 Town Patrol
38:28 Iron Casting
38:14 Chain Barding Armor
42:25 Imperial Age
42:33 Cavalier
43:45 Conscription
44:05 Fletching
45:45 Plate Barding Armor
46:10 Blast Furnace
51:42 Caravan
51:24 Light Cavalry
你行Nissan阿
0:28 Loom
13:28 Feudal Age
18:37 Castle Age
16:50 Horse Collar
17:32 Double-Bit Axe
19:28 Heavy Plow
24:03 Wheelbarrow
27:22 Tuntian
31:59 Imperial Age
29:49 Hand Cart
30:00 Bow Saw
30:03 Gold Mining
30:03 Stone Mining
30:19 Husbandry
30:31 Bloodlines
33:23 Conscription
33:42 Gold Shaft Mining
33:43 Stone Shaft Mining
35:19 Chemistry
34:11 Heated Shot
36:13 Ballistics
35:51 Murder Holes
39:05 Forging
39:00 Scale Barding Armor
38:39 Heavy Hei Guang Cavalry
41:40 Parthian Tactics
41:40 Padded Archer Armor
41:31 Fletching
42:16 Iron Casting
42:03 Chain Barding Armor
41:47 Caravan
44:46 Leather Archer Armor
44:26 Bodkin Arrow
45:32 Blast Furnace
49:40 Light Cavalry
50:37 Bracer
51:07 Ring Archer Armor
52:22 Fortified Wall
51:53 Treadmill Crane
52:42 Ming Guang Armor
51:38 Elite Tiger Cavalry
羅賓不流汗
0:30 Loom
10:13 Feudal Age
10:45 Double-Bit Axe
12:06 Horse Collar
20:12 Castle Age
19:48 Stone Mining
19:51 Gold Mining
22:05 Bow Saw
27:38 Ballistics
27:57 Pikeman
28:39 Squires
29:26 Heavy Plow
31:30 Treadmill Crane
34:49 Imperial Age
35:54 Gold Shaft Mining
36:42 Elite Longbowman
37:44 Yeomen
37:46 Conscription
39:22 Wheelbarrow
40:06 Chemistry
39:11 Padded Archer Armor
39:01 Fletching
40:55 Warwolf
43:33 Halberdier
43:59 Arson
45:23 Hand Cart
47:13 Forging
46:59 Bodkin Arrow
47:20 Leather Archer Armor
madmonk08
0:29 Loom
12:42 Feudal Age
16:15 Wheelbarrow
15:27 Town Watch
15:30 Double-Bit Axe
15:30 Horse Collar
18:04 Stone Mining
18:12 Gold Mining
20:25 Castle Age
18:41 Fletching
19:25 Forging
18:51 Man-at-Arms
20:09 Padded Archer Armor
20:50 Bloodlines
21:01 Scale Barding Armor
22:13 Hand Cart
23:51 Fortified Wall
25:18 Bodkin Arrow
25:22 Murder Holes
31:59 Bow Saw
31:51 Heavy Plow
36:09 Imperial Age
37:03 Siege Engineers
37:06 Husbandry
36:51 Capped Ram
40:34 Two-Man Saw
40:34 Chain Barding Armor
40:50 Iron Casting
41:20 Bracer
42:13 Crop Rotation
42:04 Leather Archer Armor
43:59 Paper Money
43:40 Chatras
44:19 Plate Barding Armor
46:44 Elite Skirmisher
47:29 Thumb Ring
50:44 Imperial Skirmisher
Connection lost

Rejoining the realm…

Still unreachable

The connection could not be restored.

Session expired

The server has moved on; the page needs a fresh start.